 Dungeon Crawl Stone Soup version 0.28.0-53-g5a82cb258f (webtiles) character file.

Game seed: 16296600466051647512

8948 issech the Cleaver (level 11, -8/87 HPs)
             Began as a Minotaur Monk on June 19, 2022.
             Was a Priest of Hepliaklqana.
             Killed by divine providence
             ... invoked by an orc priest
              (16 damage)
             ... on level 9 of the Dungeon.
             The game lasted 00:31:05 (11192 turns).

issech the Cleaver (Minotaur Monk)                 Turns: 11192, Time: 00:31:06

Health: -8/87      AC: 17    Str: 15    XL:     11   Next: 16%
Magic:  10/10      EV: 11    Int: 13    God:    Hepliaklqana [***...]
Gold:   391        SH: 10    Dex: 18    Spells: 10/10 levels left

rFire   . . .      SeeInvis .   W - +2 flail (protect)
rCold   + . .      Faith    .   C - +0 kite shield
rNeg    . . .      Spirit   .   V - +2 scale mail {rC+}
rPois   .          Reflect  .   P - +2 hat
rElec   .          Harm     .   G - +0 cloak
rCorr   .          Rampage  .   (no gloves)
Will    .....                   c - +2 pair of boots
Stlth   +.........              (no amulet)
HPRegen 0.24/turn               r - +6 ring of intelligence
MPRegen 0.12/turn               (no ring)

@: studying Maces & Flails
A: reduced essence, horns 2, retaliatory headbutt
a: Renounce Religion, Recall Ancestor, Ancestor Identity, Transference


You were on level 9 of the Dungeon.
You worshipped Hepliaklqana.
Hepliaklqana was most pleased with you.
You visited 2 branches of the dungeon, and saw 10 of its levels.

You collected 391 gold pieces.

Inventory:

Hand Weapons
 a - a +4 war axe of flaming
 y - a +2 battleaxe of venom
 z - a +2 flail of holy wrath
 A - a +2 mace of protection
 D - a +1 mace of protection
 E - a +4 falchion of freezing
 I - the +7 short sword of Callousness {spect, rC++ rN+ Stlth+}
   (You found it on level 6 of the Dungeon)

   When its wielder attacks, the weapon's spirit leaps out and strikes again.
   The spirit shares a part of any damage it takes with its wielder.
   rC:        It greatly protects you from cold.
   rN:        It protects you from negative energy.
   Stlth:     It makes you more stealthy.
 L - a +0 hand crossbow
 Q - a +4 morningstar
 R - a +3 morningstar
 W - a +2 flail of protection (weapon)
Missiles
 e - 194 arrows
 i - 260 stones
 q - 16 poisoned darts
 B - 46 bolts
 H - 2 curare-tipped darts
 J - 8 boomerangs (quivered)
 K - 57 sling bullets
 O - 6 atropa-tipped darts
 U - 4 throwing nets
Armour
 c - a +2 pair of boots (worn)
 d - +0 acid dragon scales
 s - a +0 plate armour
 u - +0 steam dragon scales
 C - a +0 kite shield (worn)
 G - a +0 cloak (worn)
 P - a +2 hat (worn)
 S - a scarf of harm
 V - a +2 scale mail of cold resistance (worn)
Jewellery
 r - a +6 ring of intelligence (left hand)
Wands
 x - a wand of digging (3)
 M - a wand of mindburst (14)
Scrolls
 f - a scroll of holy word {unknown}
 h - 2 scrolls of enchant armour
 l - 2 scrolls of magic mapping
 v - 2 scrolls of teleportation
 w - a scroll of amnesia
 X - a scroll of fear {unknown}
Potions
 b - 3 potions of haste {unknown}
 g - 2 potions of flight {unknown}
 j - a potion of resistance {unknown}
 k - 3 potions of attraction {unknown}
 m - 4 potions of curing
 n - 2 potions of lignification {unknown}
 o - 4 potions of brilliance {unknown}
 p - 4 potions of heal wounds
 t - 2 potions of cancellation {unknown}
 F - a potion of magic {unknown}
 N - a potion of degeneration {unknown}


   Skills:
 + Level 9.4 Fighting
 + Level 3.5 Short Blades
 + Level 12.2(13.2) Axes
 + Level 8.4(11.4) Maces & Flails
 + Level 1.7 Throwing
 + Level 8.6 Armour
 + Level 7.1 Dodging
 + Level 3.8 Stealth
 + Level 4.4 Shields


You had 10 spell levels left.
You didn't know any spells.
Your spell library contained the following spells:

 Spells                   Type           Power      Damage    Failure   Level
 Animate Skeleton         Necr           0%         N/A       96%         1
 Pain                     Necr           0%         1d4       96%         1
 Shock                    Conj/Air       0%         1d3       96%         1
 Swiftness                Air            0%         N/A       100%        3
 Vampiric Draining        Necr           0%         2d6       100%        3
 Airstrike                Air            0%         N/A       100%        4


Dungeon Overview and Level Annotations

Branches:
Dungeon (9/15)             Temple (1/1) D:6             Orc (0/2) D:9
   Lair: D:8-11

Altars:
Ashenzari
Cheibriados
Dithmenos
Elyvilon
Fedhas
Gozag
Hepliaklqana
Kikubaaqudgha
Makhleb
Nemelex Xobeh
Okawaru
Qazlal
Ru
Sif Muna
Trog
Uskayaw
Vehumet
Wu Jian
Xom
Yredelemnul
Zin

Shops:
D:2 [

Annotations:
D:3 3 runed translucent doors, gobodom's ghost, amateur DsWz
D:4 2 transporters
D:9 Erolcha


Innate Abilities, Weirdness & Mutations

Your life essence is reduced to manifest your ancestor. (-10% HP)
You have a pair of horns on your head.
You reflexively headbutt those who attack you in melee.


Message History

a +0 whip; an orc corpse The kobold brigand hits you but does no damage.
An orc priest comes into view.
It is wielding a +0 dagger and wearing a +1 leather armour of positive energy.
The orc priest shouts!
The orc priest casts a cantrip, but nothing happens.
The kobold brigand closely misses you.
The kobold brigand throws a poisoned dart.
Something hits you but does no damage.
Erolcha gestures wildly while chanting.
Erolcha flickers and vanishes!
The orc priest mumbles some strange prayers to Beogh against you.
Beogh smites you!
* * * LOW HITPOINT WARNING * * *
You hear some strange, mumbled words.
A puff of flame appears from out of thin air!
The puff of flame hits you.
* * * LOW HITPOINT WARNING * * *
The centaur wields a +0 shortbow.
The centaur shoots an arrow.
You block the arrow.
The centaur shoots an arrow.
The kobold brigand throws a poisoned dart.
The poisoned dart hits you!
You are poisoned.
The centaur shoots an arrow.
The arrow hits you!
* * * LOW HITPOINT WARNING * * *
You feel sick.
The centaur shoots an arrow.
You feel sick.
You feel sick.
You feel sick.
An orc wizard appears from thin air!
Reactivating autopickup.
The orc wizard dies!
You feel sick.
You feel sick.
You feel sick.
You are no longer poisoned.
The kobold brigand throws a poisoned dart.
You block the poisoned dart.
The orc priest invokes the aid of Beogh against you.
Beogh smites you!
You die...

#........ ..# ###.# #.#
#...#########.#
#.#...........#####
#.#.#####.).......# ##
###....####.##..###.# ..
.....#..........>##.### .#
###....##.###.....#.#.. ..
###.#.###.###...@.#.#.# .#
##................#.#.# <#
#..#..)....).......)#.####.#
.....####..####...)...)รท.).#
..#.## ##.# #.##)##.###).#
....# #.# #.##o##.###..####.#
..#.# #.# #K##...............
..#.# #.#
##K##.##.###.#####.# #.#.#
#.# #.Kc...K............


You could see a kobold brigand, an orc priest and a kobold.

Vanquished Creatures
  A centaur warrior (D:9)
  A hornet (D:8)
  A troll (D:8)
  A wyvern (D:9)
  A human (D:9)
  A steam dragon (D:8)
  4 vampire mosquitoes (D:7)
  An acid dragon (D:8)
  2 black bears
  2 sky beasts
  3 orc warriors (D:9)
  2 necrophages (D:4)
  2 ogres
  3 ice beasts
  2 centaurs
  A phantom (D:6)
  2 bullfrogs
  Blork the orc (D:4)
  A kobold brigand (D:6)
  A wyvern zombie (D:6)
  3 scorpions
  A water moccasin zombie (D:5)
  A killer bee (D:8)
  7 wights
  3 howler monkeys (D:8)
  A centaur zombie (D:8)
  4 hounds
  4 orc priests
  A bullfrog skeleton (D:5)
  A centaur skeleton (D:5)
  Jessica (D:2)
  Terence (D:2)
  An iguana (D:6)
  7 orc wizards
  A killer bee zombie (D:8)
  A hound zombie (D:3)
  2 hound skeletons
  10 adders
  5 gnolls
  A white imp (D:8)
  A worm (D:2)
  3 dart slugs
  27 orcs
  6 bats
  6 endoplasms
  5 giant cockroaches
  5 goblins
  3 hobgoblins
  11 jackals
  11 kobolds
  7 quokkas
  8 ball pythons
  A ball python zombie (D:3)
  3 frilled lizards
  3 rats
189 creatures vanquished.

Vanquished Creatures (collateral kills)
  Harold (D:8)
  A hydra (D:8)
  Pikel (D:8)
  Maggie (D:6)
  A kobold demonologist (D:8)
  A slime creature (D:7)
  A steam dragon (D:8)
  2 water moccasins
  An orc warrior (D:9)
  A centaur (D:6)
  A kobold brigand (D:8)
  A gnoll sergeant (D:7)
  A scorpion (D:7)
  A water moccasin zombie (D:6)
  3 killer bees (D:9)
  2 howler monkeys (D:8)
  A bullfrog zombie (D:6)
  A centaur zombie (D:8)
  A jelly (D:7)
  2 orc priests (D:9)
  An iguana (D:6)
  2 orc wizards
  14 orcs
  A kobold (D:6)
43 creatures vanquished.

Vanquished Creatures (others)
  3 battlemagi
  An orc wizard (D:9)
4 creatures vanquished.

Grand Total: 236 creatures vanquished

Notes
Turn   | Place    | Note
-------+----------+-------------------------------------------
     0 | D:1      | issech the Minotaur Monk began the quest for the Orb.
     0 | D:1      | Reached XP level 1. HP: 19/19 MP: 0/0
   192 | D:1      | Reached skill level 4 in Axes
   192 | D:1      | Reached XP level 2. HP: 18/27 MP: 1/1
   745 | D:1      | Reached XP level 3. HP: 29/33 MP: 2/2
  1367 | D:3      | Found a snail-covered altar of Cheibriados.
  1529 | D:2      | Reached XP level 4. HP: 35/40 MP: 3/3
  1743 | D:2      | Noticed Terence
  1765 | D:2      | Killed Terence
  1766 | D:2      | Reached skill level 5 in Axes
  1945 | D:2      | Found Hicrur's Armour Boutique.
  1950 | D:2      | Noticed Jessica
  1956 | D:2      | Killed Jessica
  1957 | D:2      | Reached skill level 1 in Armour
  1957 | D:2      | Reached XP level 5. HP: 20/46 MP: 4/4
  2930 | D:3      | Found a runed translucent gate.
  2930 | D:3      | Found a runed translucent gate.
  2930 | D:3      | Found a runed translucent gate.
  2930 | D:3      | Noticed gobodom's ghost (amateur DsWz)
  2933 | D:3      | Found a basalt altar of Yredelemnul.
  3149 | D:3      | Noticed an ogre
  3155 | D:3      | Killed an ogre
  3156 | D:3      | Reached skill level 6 in Axes
  3156 | D:3      | Reached XP level 6. HP: 30/53 MP: 5/5
  3563 | D:4      | Reached skill level 5 in Fighting
  3825 | D:4      | Noticed Blork the orc
  3837 | D:4      | Killed Blork the orc
  3840 | D:4      | Reached XP level 7. HP: 25/61 MP: 6/6
  3938 | D:4      | Reached skill level 7 in Axes
  3942 | D:4      | Found a transporter.
  3950 | D:4      | Reached skill level 1 in Short Blades
  4170 | D:4      | Found a transporter.
  4224 | D:4      | Reached skill level 5 in Dodging
  4450 | D:4      | Reached XP level 8. HP: 69/70 MP: 7/7
  4717 | D:5      | Entered Level 5 of the Dungeon
  4736 | D:5      | Reached skill level 5 in Armour
  4737 | D:5      | Reached skill level 8 in Axes
  5217 | D:5      | Reached skill level 9 in Axes
  5569 | D:6      | Identified the +7 short sword of Callousness {spect, rC++
                  | rN+ Stlth+}
  5593 | D:6      | Found a hazy altar of Hepliaklqana.
  5618 | D:6      | Became a worshipper of Hepliaklqana the Forgotten
  5618 | D:6      | Reached * piety under Hepliaklqana
  5618 | D:6      | Reached ** piety under Hepliaklqana
  5619 | D:6      | Remembered your ancestor Zayda as a battlemage
  5677 | D:6      | Reached skill level 10 in Axes
  5724 | D:6      | Reached XP level 9. HP: 70/70 MP: 8/8
  6047 | D:6      | Noticed Maggie
  6056 | D:6      | Killed Maggie
  6364 | D:6      | Found a hide-covered altar of Uskayaw.
  6374 | D:6      | Reached skill level 11 in Axes
  6518 | D:6      | Found a staircase to the Ecumenical Temple.
  6537 | Temple   | Entered the Ecumenical Temple
  7324 | D:7      | Reached *** piety under Hepliaklqana
  8323 | D:8      | Noticed a kobold demonologist
  8327 | D:8      | Noticed Harold
  8329 | D:8      | Killed a kobold demonologist
  8330 | D:8      | Reached skill level 1 in Throwing
  8330 | D:8      | Reached skill level 1 in Shields
  8336 | D:8      | Killed Harold
  8337 | D:8      | Reached skill level 12 in Axes
  8337 | D:8      | Reached XP level 10. HP: 66/81 MP: 9/9
  8772 | D:8      | Noticed a five-headed hydra
  8780 | D:8      | Reached skill level 1 in Maces & Flails
 10068 | D:8      | Killed a five-headed hydra
 10072 | D:8      | Reached skill level 5 in Maces & Flails
 10427 | D:8      | Noticed Pikel
 10432 | D:8      | Killed Pikel
 10750 | D:9      | Noticed a centaur warrior
 10764 | D:9      | Killed a centaur warrior
 10765 | D:9      | Reached XP level 11. HP: 75/87 MP: 10/10
 11145 | D:9      | Found a staircase to the Orcish Mines.
 11171 | D:9      | Noticed Erolcha
 11192 | D:9      | Killed from afar by an orc priest

Illustrated notes

Levels and vault maps discovered:
D:1:      scummos_arrival_forest, layout_loops_ring
D:2:      layout_loops_ring, serial_shops, nicolae_shop_behind_doors,
          minmay_snake_closets, uniq_terence, uniq_jessica
D:3:      layout_loops_cross, nicolae_yredelemnul_ghost_church,
          lemuel_tele_altar, glass_columns_a
D:4:      gammafunk_steamed_eel, layout_rooms, minivault_4, st_stairs_5,
          uniq_blork_the_orc
D:5:      layout_loops_cross
D:6:      layout_cave_pools, nicolae_uskayaw_dance_studio,
          minmay_temple_entry_enclosed_plants, serial_park,
          serial_park_tiny_pond, serial_park_square3
          [serial_park_minivault_5x5_4], serial_park_square2, uniq_maggie
D:7:      layout_layer_cave, solitary_fountain
D:8:      cheibrodos_fzero, layout_rooms, minmay_manual_mail, uniq_harold,
          uniq_pikel
D:9:      layout_loops_ring, erik_orc_4, uniq_erolcha
Temple:   eino_narrow_crystal_temple

Skill      XL: |  1  2  3  4  5  6  7  8  9 10 11 |
---------------+----------------------------------+-----
Axes           | 4 5 6 7 10 12 | 12.2
Fighting       | 4 5 6 8 9 |  9.4
Dodging        | 4 5 6 7 |  7.1
Armour         | 1 2 3 4 5 7 8 |  8.6
Short Blades   | 2 3 |  3.5
Stealth        | 2 3 |  3.8
Throwing       | 1 |  1.7
Shields        | 1 4 |  4.4
Maces & Flails | 7 8 |  8.4

Action                   |  1- 3 |  4- 6 |  7- 9 | 10-12 || total
-------------------------+-------+-------+-------+-------++-------
Melee: Hand axe          |    96 |   133 |       |       ||   229
       Headbutt          |    19 |    27 |    20 |    45 ||   111
       Punch             |     2 |     1 |       |       ||     3
       Quick blade       |       |    12 |       |       ||    12
       Battleaxe         |       |       |    98 |       ||    98
       Short sword       |       |       |    20 |       ||    20
       War axe           |       |       |    36 |     4 ||    40
       Flail             |       |       |       |   173 ||   173
Throw: Boomerang         |       |       |     8 |     2 ||    10
Invok: Ancestor Life: Ba |       |       |     1 |       ||     1
  Use: Scroll            |       |       |     5 |     1 ||     6
 Stab: Sleeping          |     2 |       |       |       ||     2
       Distracted        |       |       |     1 |     5 ||     6
Armor: Robe              |     8 |       |       |       ||     8
       Scale mail        |    38 |    72 |    73 |   158 ||   341
       Steam dragon scal |       |       |    14 |     1 ||    15
Dodge: Dodged            |    72 |   105 |   101 |   142 ||   420
Block: Kite shield       |       |       |    16 |   143 ||   159
